 Dungeon Crawl Stone Soup version 0.14-a0-59-gd5eeb80 (webtiles) character file.

234 PolkaDot the Vexing (level 4, -4/30 HPs)
             Began as a Vampire Enchanter on Sept 30, 2013.
             Slain by inmateoo's ghost (12 damage)
             ... on Level 3 of the Dungeon.
             The game lasted 00:10:12 (2837 turns).

PolkaDot the Vexing (Vampire Enchanter)             Turns: 2837, Time: 00:10:12

HP  -4/30        AC  8     Str  7      XL: 4   Next: 48%
MP   8/8         EV 18     Int 18      God:
Gold 133         SH  0     Dex 19      Spells:  2 memorised,  1 level left

Res.Fire  : . . .   See Invis. : +   q - +3,+2 elf dagger
Res.Cold  : + + .   Warding    : .   b - +1 robe
Life Prot.: + + +   Conserve   : .   (no shield)
Res.Poison: +       Res.Corr.  : .   (no helmet)
Res.Elec. : .       Clarity    : .   f - +0 cloak
Sust.Abil.: . .     Spirit.Shd : .   o - +2 pair of gauntlets
Res.Mut.  : .       Stasis     : .   l - +0 pair of boots
Res.Rott. : +       Flight     : .   (no amulet)
Saprovore : . . .                    e - ring of positive energy {unknown}
                                     r - ring of protection from magic {unknown}

@: non-regenerating, invisible, agile, very slightly contaminated, somewhat
resistant to hostile enchantments, very stealthy
A: fangs 3, see invisible, unbreathing
a: Bat Form


You were on level 3 of the Dungeon.
You were bloodless.

You visited 1 branch of the dungeon, and saw 3 of its levels.

You collected 113 gold pieces.

Inventory:

Hand weapons
 q - a +3,+2 elven dagger (weapon)
Missiles
 d - 8 darts (quivered)
Armour
 b - a +1 robe (worn)
 f - a +0 cloak (worn)
 l - a +0 pair of boots (worn)
 o - a +2 pair of gauntlets (worn)
Scrolls
 a - a scroll of curse armour {unknown}
 g - a scroll of identify {unknown}
 h - a scroll of fog {unknown}
 i - 2 scrolls of fear {unknown}
 j - a scroll of remove curse
 n - 2 scrolls of magic mapping {unknown}
 v - a scroll of recharging {unknown}
Jewellery
 e - a ring of positive energy (right hand) {unknown}
 p - an uncursed ring of teleportation
 r - a ring of protection from magic (left hand) {unknown}
Potions
 k - a potion of agility
 u - a potion of brilliance {unknown}
 w - a potion of curing {unknown}
Books
 c - a book of Maledictions

   Spells                             Type                      Level
   *Corona                            Hexes                        1
   Sure Blade                         Hexes/Charms                 2
   Ensorcelled Hibernation            Hexes/Ice                    2
   *Confuse                           Hexes                        3
   Enslavement                        Hexes                        4
   Invisibility                       Hexes                        6


   Skills:
 - Level 2.0 Short Blades
 - Level 0.7 Throwing
 - Level 2.1 Dodging
 + Level 4.8 Stealth
 + Level 1.1 Spellcasting
 * Level 6.3 Hexes


You had one spell level left.
You knew the following spells:

 Your Spells              Type           Power        Failure   Level  Hunger
a - Corona                Hex            ###....      1%          1    ##.....
c - Confuse               Hex            ###.....     4%          3    ####...


Dungeon Overview and Level Annotations

Branches:
Dungeon (3/27)

Altars:

Annotations:
D:3 inmateoo's ghost, average TrMo


Innate Abilities, Weirdness & Mutations

You do not heal naturally.
You have razor-sharp teeth.*
You have supernaturally acute eyesight.
You can survive without breathing.*


Message History

You are very lightly contaminated with residual magic.
You hit inmateoo's ghost.
Inmateoo's ghost is moderately damaged.
Inmateoo's ghost closely misses the hobgoblin.
You catch the helpless inmateoo's ghost completely off-guard!
You slash inmateoo's ghost!
Inmateoo's ghost is severely damaged.
You catch the helpless inmateoo's ghost completely off-guard!
You slash inmateoo's ghost!
You bite inmateoo's ghost, but do no damage.
Inmateoo's ghost is almost destroyed.
Inmateoo's ghost hits you.
* * * LOW HITPOINT WARNING * * *
You barely miss inmateoo's ghost.
Inmateoo's ghost is almost destroyed.
Inmateoo's ghost barely misses you.
You hit inmateoo's ghost but do no damage.
Inmateoo's ghost is almost destroyed.
Inmateoo's ghost hits you!
You die...

#.##.......#..#..#
..#...##.###..#..#
......##(.....#..#
........).....#..#
......######..#.S#
.................#
......######..##.#
......# #..##.#
......# #..##@#
.)....# #..##p#
......# #..##.#
......# #..##.#
......# #...g..
#####.# ...... #
#.# #.# #####.#
#.# ##....# #.#


You could see inmateoo's ghost (confused), an adder (wandering) and a hobgoblin
(wandering).

Vanquished Creatures
  4 adders
  An ooze (D:1)
  8 orcs (D:3)
  8 bats
  2 giant cockroaches (D:2)
  8 goblins
  6 hobgoblins
  2 quokkas (D:3)
  3 giant newts
  9 kobolds
  7 rats
58 creatures vanquished.

Notes
Turn   | Place    | Note
--------------------------------------------------------------
     0 | D:1      | PolkaDot, the Vampire Enchanter, began the quest for the Orb.
     0 | D:1      | Reached XP level 1. HP: 13/13 MP: 4/4
   453 | D:1      | Reached XP level 2. HP: 16/19 MP: 5/5
  1522 | D:2      | Reached skill level 5 in Hexes
  1522 | D:2      | Reached XP level 3. HP: 20/24 MP: 6/6
  1701 | D:2      | Learned a level 3 spell: Confuse
  2407 | D:3      | Reached XP level 4. HP: 30/30 MP: 8/8
  2485 | D:3      | Reached skill level 6 in Hexes
  2812 | D:3      | Noticed inmateoo's ghost (average TrMo)
  2837 | D:3      | Slain by inmateoo's ghost

Action                   |  1- 3 |  4- 6 || total
-------------------------+-------+-------++-------
Melee: Dagger            |   121 |    67 ||   188
Throw: Dart              |    17 |       ||    17
 Cast: Corona            |     8 |       ||     8
       Confuse           |     2 |     6 ||     8
  Use: Scroll            |     1 |       ||     1
       Potion            |       |     4 ||     4
 Stab: Sleeping          |     9 |     4 ||    13
       Confused          |     1 |     3 ||     4
       Invisible         |       |     2 ||     2
